 Dungeon Crawl Stone Soup version 0.24-a0-378-g94936e539c (webtiles) character file.

Game seed: 13940119050506388457

14894 ohad the Martial Artist (level 12, -3/100 HPs)
             Began as an Octopode Transmuter on June 1, 2019.
             Was an Initiate of Gozag.
             Slain by an eight-headed hydra (6 damage)
             ... on level 2 of the Lair of Beasts.
             The game lasted 00:42:15 (15133 turns).

ohad the Martial Artist (Octopode Transmuter)      Turns: 15133, Time: 00:42:16

Health: -3/100     AC:  6    Str: 20    XL:     12   Next: 21%
Magic:  11/18      EV: 21    Int: 29    God:    Gozag
Gold:   604        SH:  0    Dex: 18    Spells: 4/19 levels left

rFire    x . .     SeeInvis .     - Unarmed
rCold    + + +     Gourm    +   (shield currently unavailable)
rNeg     + . .     Faith    .   (helmet currently unavailable)
rPois    +         Spirit   .   L - amulet "Nicrer" {Gourm Fragile rN+ Str+6 Stlth+}
rElec    .         Reflect  .   q - ring of wizardry
rCorr    .         Harm     .   (no ring)
MR       .....                  G - ring of protection from cold
Stlth    +++++.....             B - +4 ring of intelligence
HPRegen  0.26/turn              (no ring)
MPRegen  0.16/turn              (no ring)
                                (no ring)
                                (no ring)

@: mighty, brilliant, agile, ice-form, gold aura, flying, hasted, very quick
A: large, almost no armour, stealthy swim, amphibious, 8 rings, (constrict 8)
a: End Transformation, Potion Petition, Call Merchant, Bribe Branch, Renounce
Religion


You were on level 2 of the Lair of Beasts.
You worshipped Gozag.
Gozag was pleased with you.
You were not hungry.
You were a creature of crystalline ice.
You visited 3 branches of the dungeon, and saw 14 of its levels.
You also visited: Sewer.

You collected 2779 gold pieces.
You spent 816 gold pieces at shops.
You paid 1359 gold pieces to Gozag.

Inventory:

Missiles
 a - 310 arrows
 b - 69 poisoned darts
 g - 5 atropa-tipped darts (quivered)
 o - 25 boomerangs
 w - 13 javelins
 K - 6 silver boomerangs
Armour
 d - a cursed +0 shield
 l - a +2 hat of see invisible (melded)
Jewellery
 q - a ring of wizardry (left front paw)
 A - an uncursed ring of ice
 B - a +4 ring of intelligence (on tentacle)
 G - a ring of protection from cold (on tentacle)
 L - the amulet "Nicrer" (around neck) {Gourm Fragile rN+ Str+6 Stlth+}
   (You bought it in a shop on level 10 of the Dungeon)

   [amulet of the gourmand]

   It allows you to eat raw meat even when not hungry.
   It affects your strength (+6).
   It protects you from negative energy.
   It will be destroyed if unequipped.
   It makes you more stealthy.
 O - a cursed amulet of inaccuracy {unknown}
Wands
 J - a wand of iceblast (7)
 M - a wand of enslavement (5)
Scrolls
 f - 2 scrolls of magic mapping {unknown}
 h - 11 scrolls of teleportation
 j - a scroll of amnesia {unknown}
 n - 3 scrolls of enchant armour {unknown}
 p - 2 scrolls of fear {unknown}
 s - 3 scrolls of remove curse
 u - a scroll of fog {unknown}
 y - a scroll of blinking {unknown}
 E - 2 scrolls of enchant weapon {unknown}
 F - a scroll of immolation {unknown}
 H - 2 scrolls of holy word
Potions
 e - 5 potions of flight
 i - a potion of invisibility
 k - 2 potions of degeneration
 m - a potion of might
 t - 3 potions of lignification
 v - 3 potions of mutation
 x - 5 potions of curing
 z - a potion of brilliance
 C - a potion of haste
 D - 6 potions of magic
 I - a potion of agility
 N - a potion of heal wounds
Miscellaneous
 r - a sack of spiders
Comestibles
 c - 3 rations


   Skills:
 * Level 8.3 Fighting
 * Level 8.2 Dodging
 - Level 4.2 Stealth
 + Level 13.3 Unarmed Combat
 - Level 4.0 Spellcasting
 - Level 6.8 Transmutations
 - Level 1.8 Ice Magic


You had 4 spell levels left.
You knew the following spells:

 Your Spells              Type           Power        Failure   Level  Hunger
a - Beastly Appendage     Tmut           ######       1%          1    None
b - Sticks to Snakes      Tmut           ######..     1%          2    None
c - Spider Form           Tmut/Pois      #####.....   1%          3    ##.....
d - Ice Form              Ice/Tmut       #####...     1%          4    ####...
e - Blade Hands           Tmut           ######....   1%          5    #####..

Your spell library contained the following spells:

 Spells                   Type           Power        Failure   Level  Hunger
 Confusing Touch          Hex            ###...       1%          1    None
 Confuse                  Hex            ###.....     2%          3    ##.....
 Gell's Gravitas          Tloc           ###.......   2%          3    ##.....
 Petrify                  Tmut/Erth      #####...     2%          4    ####...
 Cause Fear               Hex            ###.......   8%          4    ####...
 Yara's Violent Unravell  Hex/Tmut       #####.....   5%          5    #####..
 Metabolic Englaciation   Hex/Ice        ####......   14%         5    #####..
 Silence                  Hex/Air        ###.......   19%         5    #####..
 Deflect Missiles         Chrm/Air       ###.......   65%         6    #######
 Discord                  Hex            ###.......   100%        8    #######


Dungeon Overview and Level Annotations

Branches:
Dungeon (11/15)            Temple (1/1) D:4            Lair (1/6) D:8
    Orc (0/2) D:11

Altars:
Ashenzari
Elyvilon
Fedhas
Gozag
Hepliaklqana
Makhleb
Okawaru
Qazlal
Sif Muna
Trog
Uskayaw
Wu Jian
Yredelemnul
Zin
The Shining One

Shops:
D:10 =

Annotations:
D:7 2 transporters, Scuka's ghost, novice DrFE
D:8 1 runed translucent door, conein's ghost, novice HuAK


Innate Abilities, Weirdness & Mutations

You cannot wear most types of armour.
You are very stealthy in the water. (Stealth+)
You are amphibious.
You can wear up to eight rings at the same time.
((You can use your tentacles to constrict eight enemies at once.))
((Your skin changes colour to match your surroundings (Stealth+).))
((Your rubbery body absorbs attacks. (AC +1, EV +1)))


Message History

[a] - 176 gold - might and agility [b] - 575 gold - might, agility, brilliance, haste and flight [c] - 600 gold - haste and resistance Purchase which effect?
You no longer have enough gold to fund merchants seeking to open stores in the dungeon.
You feel very mighty all of a sudden.
You feel agile all of a sudden.
You feel clever all of a sudden.
You feel yourself speed up.
You feel very buoyant.
You fly up into the air.
Your adder bites the eight-headed hydra.
The eight-headed hydra closely misses you.
The eight-headed hydra misses you.
The eight-headed hydra closely misses you.
The eight-headed hydra misses you. The eight-headed hydra bites you!
* * * LOW HITPOINT WARNING * * *
The eight-headed hydra barely misses you.
The eight-headed hydra bites you.
You die...
Your body crumbles into a pile of gold.

............#
...#......P#.#
........P..#
...........#
...........# #
........#..# .##
........#..###P..#
................#
.#.....##Y#.##.##
.#.....PD..##
.......SS..#
...........#
!.......##.%#
.......## .##
....... .# .......
.. .###... ..


You could see an eight-headed hydra, a friendly adder and a friendly ball
python.

Vanquished Creatures
  Gastronok (D:9)
  A centaur warrior (D:11)
  A two-headed ogre (D:11)
  An unseen horror (D:10)
  An ugly thing (D:11)
  A manticore (D:7)
  A spiny frog (Lair:1)
  A kobold demonologist (D:11)
  2 hippogriffs
  A wyvern (D:7)
  A wraith (D:11)
  12 yaks
  A water moccasin (D:9)
  5 sky beasts
  3 ice beasts
  A black bear (D:5)
  4 orc warriors
  2 phantoms
  10 ogres
  7 centaurs
  4 crocodiles
  6 big kobolds
  A gnoll sergeant (D:10)
  10 bullfrogs
  A wyvern skeleton (D:11)
  4 scorpions
  9 killer bees (D:10)
  9 wights (D:8)
  A howler monkey (D:7)
  2 centaur zombies
  5 crimson imps
  2 jellies
  6 hounds
  6 orc priests
  A bullfrog skeleton (D:11)
  2 centaur skeletons
  Natasha (D:2)
  An iguana (D:10)
  13 orc wizards
  11 worker ants
  3 hound skeletons
  2 worker ant zombies
  7 gnolls
  22 adders
  3 shadow imps
  2 oozes
  4 adder skeletons
  7 worms
  2 dart slugs
  6 leopard geckos
  42 orcs
  7 ball pythons
  7 bats
  4 giant cockroaches
  8 goblins
  6 hobgoblins
  11 jackals
  6 quokkas
  3 frilled lizards
  A giant cockroach zombie (D:5)
  22 kobolds
  A leopard gecko skeleton (D:9)
  A quokka skeleton (D:5)
  13 rats
  A spectral orc (D:6)
343 creatures vanquished.

Vanquished Creatures (collateral kills)
  A hungry ghost (D:7)
  A bullfrog skeleton (D:7)
2 creatures vanquished.

Vanquished Creatures (others)
  2 fungi (D:8)
  4 plants (D:8)
6 creatures vanquished.

Grand Total: 351 creatures vanquished

Notes
Turn   | Place    | Note
-------+----------+-------------------------------------------
     0 | D:1      | ohad the Octopode Transmuter began the quest for the Orb.
     0 | D:1      | Reached XP level 1. HP: 13/13 MP: 3/3
   100 | D:1      | Reached XP level 2. HP: 16/19 MP: 3/5
   302 | D:1      | Learned a level 2 spell: Sticks to Snakes
   423 | D:1      | Reached XP level 3. HP: 23/24 MP: 4/6
   428 | D:1      | Learned a level 3 spell: Spider Form
   978 | D:1      | HP: 1/24 [poisoned by an adder]
  1310 | D:2      | Reached XP level 4. HP: 24/29 MP: 7/7
  2067 | D:2      | Reached XP level 5. HP: 30/34 MP: 7/9
  2089 | D:2      | Learned a level 4 spell: Ice Form
  2166 | D:2      | Noticed Natasha
  2169 | D:2      | Killed Natasha
  2169 | D:2      | Reached skill level 1 in Ice Magic
  2893 | D:3      | Reached XP level 6. HP: 24/39 MP: 10/10
  3534 | D:4      | Found a staircase to the Ecumenical Temple.
  3540 | Temple   | Entered the Ecumenical Temple
  3588 | Temple   | Became a worshipper of Gozag Ym Sagoz the Greedy
  3643 | D:4      | Found a blossoming altar of Fedhas.
  3862 | D:4      | Found a hide-covered altar of Uskayaw.
  4109 | D:4      | Reached skill level 4 in Unarmed Combat
  4109 | D:4      | Reached XP level 7. HP: 46/46 MP: 6/11
  4724 | D:5      | Entered Level 5 of the Dungeon
  4941 | D:5      | Reached skill level 5 in Unarmed Combat
  5033 | D:5      | Found a glowing drain.
  5053 | Sewer    | Entered a sewer
  5351 | Sewer    | Reached XP level 8. HP: 54/54 MP: 8/12
  5434 | Sewer    | Reached skill level 6 in Unarmed Combat
  5769 | D:5      | Found the +8 orange crystal plate armour {Archmagi, Int+3
                  | Clar}
  5890 | D:5      | Found a hazy altar of Hepliaklqana.
  6123 | D:6      | Found a basalt altar of Yredelemnul.
  6329 | D:6      | Reached skill level 7 in Unarmed Combat
  7243 | D:6      | Reached skill level 5 in Dodging
  7404 | D:7      | Reached skill level 8 in Unarmed Combat
  7412 | D:7      | Reached XP level 9. HP: 50/60 MP: 10/13
  7433 | D:7      | Reached skill level 5 in Fighting
  7648 | D:7      | Found a deep blue altar of Sif Muna.
  7784 | D:7      | Noticed a manticore
  7821 | D:7      | Identified the +0 leather armour of the Hart {*Slow rPois
                  | Regen+}
  7929 | D:7      | Reached skill level 9 in Unarmed Combat
  8155 | D:7      | Found an ornate altar of the Wu Jian Council.
  8169 | D:7      | Killed a manticore
  8171 | D:7      | Found a transporter.
  8173 | D:7      | Identified the +5 glaive of Tircheik {freeze, rF+}
  8173 | D:7      | Noticed a tengu warrior
  8479 | D:7      | Found a stormy altar of Qazlal.
  8607 | D:7      | Noticed a moth of wrath
  8615 | D:7      | Found a bloodstained altar of Trog.
  8619 | D:7      | Noticed Scuka's ghost (novice DrFE)
  8622 | D:7      | Found a transporter.
  8625 | D:7      | Identified the cursed +1 giant spiked club of Circularity
                  | {freeze, Str+2}
  8625 | D:7      | Noticed a two-headed ogre
  8749 | D:8      | Found a burning altar of Makhleb.
  8771 | D:8      | Found a staircase to the Lair.
  8823 | D:8      | Reached skill level 10 in Unarmed Combat
  9127 | D:8      | Reached XP level 10. HP: 68/68 MP: 9/14
  9201 | D:8      | Found a white marble altar of Elyvilon.
  9304 | D:8      | Identified the +4 spear "Botzar" {pierce, rN+ MP+9 Dex+3}
  9305 | D:8      | Found a runed translucent door.
  9640 | D:8      | Found a deep blue altar of Sif Muna.
  9640 | D:8      | Found a glowing golden altar of the Shining One.
  9672 | D:8      | Reached skill level 1 in Stealth
  9744 | D:8      | Noticed conein's ghost (novice HuAK)
 10773 | D:9      | Reached skill level 11 in Unarmed Combat
 11063 | D:9      | Noticed Gastronok
 11087 | D:9      | HP: 2/69 [Gastronok/the air (25)]
 11096 | D:9      | Killed Gastronok
 11436 | D:9      | Reached XP level 11. HP: 75/75 MP: 15/15
 11445 | D:9      | Learned a level 5 spell: Blade Hands
 11732 | D:10     | Entered Level 10 of the Dungeon
 11761 | D:10     | Reached skill level 12 in Unarmed Combat
 12215 | D:10     | Killed an unseen horror
 12981 | D:10     | Reached skill level 5 in Transmutations
 13533 | D:10     | Bought the amulet "Nicrer" {Gourm Fragile rN+ Str+6 Stlth+}
                  | for 816 gold pieces
 13610 | D:11     | Noticed a two-headed ogre
 13620 | D:11     | Killed a two-headed ogre
 14064 | D:11     | Noticed a purple ugly thing
 14135 | D:11     | Killed a purple ugly thing
 14269 | D:11     | Found a staircase to the Orcish Mines.
 14571 | D:11     | Noticed a centaur warrior
 14582 | D:11     | Killed a centaur warrior
 14582 | D:11     | Reached skill level 13 in Unarmed Combat
 14582 | D:11     | Reached XP level 12. HP: 78/82 MP: 13/18
 14946 | Lair:1   | Entered Level 1 of the Lair of Beasts
 15008 | Lair:1   | You fall into a shaft and drop 1 floor!
 15121 | Lair:2   | Noticed an eight-headed hydra
 15133 | Lair:2   | HP: 3/100 [eight-headed hydra (11)]
 15133 | Lair:2   | Slain by an eight-headed hydra

Levels and vault maps discovered:
D:1:      nicolae_arrival_memento_mori, layout_basic, minmay_shallow_snake_nest
D:2:      layout_rooms, minmay_heptomino_o4, uniq_natasha
D:3:      layout_basic, first_ration
D:4:      layout_loops_corners, eat_drink_and_be_merry_uskayaw, fedhas_altar_3,
          temple_green
D:5:      layout_basic, kennysheep_little_box, gup_sewer_entry_pipe
D:6:      layout_basic, yredelemnul_forgotten_temple_becter
D:7:      minmay_the_grid_octo_triangle [minmay_the_grid_octo_thin_diamonds,
          minmay_the_grid_octo_prize_big_c, minmay_the_grid_octo_77],
          layout_cave_pools, nicolae_qazlal_eye_of_the_storm,
          lemuel_crystal_altar, gammafunk_ghost_wrathful_warriors,
          serial_column_ruins, column_ruins_temple_circle,
          column_ruins_open_tiny, column_ruins_open_small,
          column_ruins_open_tiny, column_ruins_grid_4, column_ruins_open_medium
D:8:      layout_loops_ring, gammafunk_temple_overflow_elements,
          elyvilon_altar_5, bloody_makhleb, dpeg_oklobed_lair,
          ebering_ghost_funeral_grove
D:9:      layout_cave_pools, serial_co_window_serial, co_window_cross_1,
          co_window_paths_b, co_window_paths_a, co_window_paths_a,
          co_window_paths_a, co_window_of_opportunity_a, co_window_corner_a,
          co_window_unsneaky_path_e, co_window_2corner, co_window_corner_b,
          co_window_broadway_b, co_window_broadway_a, co_window_paths_c,
          co_window_broadway_a, grunt_ogre_cave, dk_noncrumbling_4,
          uniq_gastronok
D:10:     layout_gridville
D:11:     layout_stronghold, orc_david_3
Temple:   hc_temple_tempest_star
Lair:1:   layout_misc_corridors, nicolae_volcano_entry_lava_flow,
          lemuel_fruit_tree
Lair:2:   layout_gridlike, minmay_snake_entry_guardpost_small,
          lemuel_fruit_fields

Skill      XL: |  1  2  3  4  5  6  7  8  9 10 11 |
---------------+----------------------------------+-----
Fighting       | 2 3 4 6 7 8 |  8.3
Dodging        | 3 4 5 6 7 8 |  8.2
Spellcasting   | 3 4 |  4.0
Ice Magic      | 1 |  1.8
Transmutations | 3 6 |  6.8
Unarmed Combat | 4 5 8 10 11 13 | 13.3
Stealth        | 4 |  4.2

Action                   |  1- 3 |  4- 6 |  7- 9 | 10-12 || total
-------------------------+-------+-------+-------+-------++-------
Melee: Unarmed           |    78 |   157 |   321 |   386 ||   942
       Constrict         |    23 |    26 |    12 |    14 ||    75
       Tentacles         |    10 |    10 |    11 |    18 ||    49
       Kick              |     7 |    19 |       |     2 ||    28
       Punch             |     1 |     1 |       |     9 ||    11
 Cast: Beastly Appendage |     8 |    17 |       |     3 ||    28
       Spider Form       |       |     6 |       |     2 ||     8
       Ice Form          |       |     1 |    33 |    35 ||    69
       Sticks to Snakes  |       |       |     7 |     5 ||    12
       Blade Hands       |       |       |       |     1 ||     1
Invok: Potion Petition   |       |       |       |     3 ||     3
       Call Merchant     |       |       |       |     1 ||     1
 Abil: End Transformatio |       |       |       |     1 ||     1
  Use: Scroll            |       |     6 |     8 |     3 ||    17
       Potion            |       |       |     5 |     3 ||     8
 Stab: Sleeping          |     3 |     3 |       |    13 ||    19
       Distracted        |       |     1 |       |     4 ||     5
  Eat: Chunk             |     1 |     9 |       |       ||    10
       Ration            |       |     1 |     8 |     8 ||    17
Armor: Skin              |     7 |     9 |    52 |    34 ||   102
Dodge: Dodged            |    63 |    98 |   144 |   208 ||   513

Table legend:
 A = Non-vault XP
 B = Vault XP
 C = Vault XP percentage of total XP
 D = Non-vault monster count
 E = Vault monster count
 F = Vault count percentage of total count
                 A         B        C        D         E       F
            +---------+---------+-------+---------+---------+-------
      Total |   17104 |    4174 |  19.6 |     296 |      49 |  14.2
            +---------+---------+-------+---------+---------+-------
        D:1 |      60 |       2 |   3.2 |      24 |       1 |   4.0
        D:2 |     128 |      42 |  24.7 |      24 |       3 |  11.1
        D:3 |     108 |       0 |   0.0 |      23 |       0 |   0.0
        D:4 |     503 |       0 |   0.0 |      23 |       0 |   0.0
        D:5 |     374 |      11 |   2.9 |      22 |       4 |  15.4
        D:6 |     482 |       1 |   0.2 |      11 |       1 |   8.3
        D:7 |     696 |    1174 |  62.8 |      29 |       9 |  23.7
        D:8 |    1686 |       0 |   0.0 |      25 |       0 |   0.0
        D:9 |    1442 |    2215 |  60.6 |      35 |       2 |   5.4
       D:10 |    5188 |       0 |   0.0 |      46 |       0 |   0.0
       D:11 |    5658 |     275 |   4.6 |      31 |       5 |  13.9
     Lair:1 |     425 |       0 |   0.0 |       1 |       0 |   0.0
     Lair:2 |     354 |       0 |   0.0 |       2 |       0 |   0.0
      Sewer |       0 |     454 | 100.0 |       0 |      24 | 100.0
            +---------+---------+-------+---------+---------+-------
